THEDFORD MINES ISOTHERMIC vs PHILADELPHIA RAIDERS
Created - 18 novembre 2025 at 08:29
Goals
|
| THEDFORD MINES ISOTHERMIC |
1 |
3 |
2 |
6 |
| PHILADELPHIA RAIDERS |
2 |
0 |
0 |
2 |
|
Shots
|
| THEDFORD MINES ISOTHERMIC |
11 |
6 |
20 |
37 |
| PHILADELPHIA RAIDERS |
15 |
16 |
5 |
36 |
|
1st period
1. PHILADELPHIA RAIDERS , Cameron Lund 3 (Matthew Poitras 9, Riley Kidney 5) at 10:09
2. PHILADELPHIA RAIDERS , Gavin Hayes 3 (Jonathan Gruden 13, Cameron Lund 5) at 15:00
3. THEDFORD MINES ISOTHERMIC , Wyatt Bongiovanni 3 (Ethan Cardwell 5) at 19:40
Penalties :
Curtis Lazar (PHI) for Hooking (Minor) at 3:28, Chase Pauls (TFM) for Roughing (Minor) at 7:14, Ethan Cardwell (TFM) for Hooking (Minor) at 16:01
2nd period
4. THEDFORD MINES ISOTHERMIC , Ethan Cardwell 4 (Wyatt Bongiovanni 6, Vladislav Kolyachonok 4) at 2:33
5. THEDFORD MINES ISOTHERMIC , Ethan Cardwell 5 (Emil Bemstrom 4, Wyatt Bongiovanni 7) at 12:47
6. THEDFORD MINES ISOTHERMIC , Oliver Okuliar 4 (Brian Halonen 8, James Hamblin 13) at 15:50
Penalties :
Curtis Lazar (PHI) for Interference (Minor) at 0:09, Mikulas Hovorka (TFM) for Hooking (Minor) at 3:28, Brandon Scanlin (PHI) for Hooking (Minor) at 4:23, Emil Bemstrom (TFM) for Interference (Minor) at 18:42
3rd period
7. THEDFORD MINES ISOTHERMIC , Oliver Okuliar 5 (Brian Halonen 9) at 6:05
8. THEDFORD MINES ISOTHERMIC , Wyatt Bongiovanni 4 (Ethan Cardwell 6) at 12:21
Penalties :
Brandon Scanlin (PHI) for Slashing (Minor) at 6:10, Lukas Rousek (PHI) for Charging (Minor) at 8:09, Zack Ostapchuk (PHI) for Hooking (Minor) at 10:14, Brandon Scanlin (PHI) for Slashing (Minor) at 18:58
Goalie Stats
Nikita Tolopilo (TFM), 34 saves from 36 shots - (0,944), W, 5-2-0, 60:00 minutes
Aaron Dell (PHI), 18 saves from 20 shots - (0,900), 24:10 minutes
Jaxson Stauber (PHI), 13 saves from 17 shots - (0,765), L, 8-3-1, 35:50 minutes
Players Stats for THEDFORD MINES ISOTHERMIC
Player Name G A P +/- PIM S H SB GA TA FO MP PP MP PK MP
------------------------------------------------------------------------------------
Andrew Perrott 0 0 0 1 0 0 0 0 0 0 0/0 5:07 0:17 0:18
Brian Halonen 0 2 2 1 0 3 0 1 0 0 2/2 26:32 6:01 4:57
Chase Pauls 0 0 0 1 2 0 6 0 0 0 0/0 9:44 1:35 0:40
Djibril Toure 0 0 0 0 0 2 4 0 0 0 0/0 26:44 5:33 3:54
Emil Bemstrom 0 1 1 3 2 2 1 1 0 0 0/0 11:51 0:00 0:44
Ethan Cardwell 2 2 4 3 2 2 2 0 0 0 1/2 11:07 0:00 0:00
Filip Engaras 0 0 0 0 0 2 0 0 0 0 0/0 20:28 5:50 0:00
Gavin White 0 0 0 3 0 1 3 1 0 0 0/0 27:21 5:12 2:41
Grant Cruikshank 0 0 0 -1 0 0 0 0 0 0 0/2 3:04 0:00 0:00
Jack Studnicka 0 0 0 0 0 0 0 0 0 0 0/0 0:00 0:00 0:00
James Hamblin 0 1 1 1 0 3 0 3 0 0 20/45 25:34 6:01 4:13
Kyle Criscuolo 0 0 0 0 0 3 0 1 0 0 11/23 22:34 5:50 1:55
Mikulas Hovorka 0 0 0 1 2 1 2 2 0 0 0/0 28:08 5:56 3:40
Oliver Okuliar 2 0 2 2 0 8 3 0 0 0 2/6 19:30 6:01 1:55
Otto Stenberg 0 0 0 0 0 4 1 0 0 0 2/3 20:08 5:30 0:00
Tanner Laczynski 0 0 0 0 0 0 0 0 0 0 0/0 0:00 0:00 0:00
Vladislav Kolyachonok 0 1 1 2 0 1 0 5 0 0 0/0 22:02 5:09 2:31
Wyatt Bongiovanni 2 2 4 3 0 5 0 0 0 0 10/17 12:06 0:20 0:00
Players Stats for PHILADELPHIA RAIDERS
Player Name G A P +/- PIM S H SB GA TA FO MP PP MP PK MP
------------------------------------------------------------------------------------
Brandon Scanlin 0 0 0 -1 6 1 3 2 0 0 0/0 25:17 4:08 3:48
Cameron Lund 1 1 2 2 0 5 0 1 0 0 2/7 14:08 0:29 3:34
Curtis Lazar 0 0 0 -3 4 8 1 0 0 0 7/7 19:50 3:11 3:52
Donovan Sebrango 0 0 0 -2 0 2 2 1 0 0 0/0 21:19 4:09 0:00
Gavin Hayes 1 0 1 -2 0 1 1 0 0 0 0/0 20:37 3:39 0:13
Jaycob Megna 0 0 0 -3 0 2 0 4 0 0 0/0 26:36 2:14 5:43
Jayden Grubbe 0 0 0 0 0 0 0 0 0 0 0/0 1:18 0:00 0:17
Jett Luchanko 0 0 0 0 0 0 0 0 0 0 0/0 0:00 0:00 0:00
John Ludvig 0 0 0 -2 0 0 0 0 0 0 0/0 8:40 0:29 2:26
Jonathan Gruden 0 1 1 -2 0 4 1 0 0 0 1/1 20:24 3:39 0:00
Lukas Rousek 0 0 0 -3 2 0 0 0 0 0 8/8 20:39 3:13 4:05
Matthew Poitras 0 1 1 -2 0 2 2 1 0 0 15/35 27:32 2:46 6:15
Noah Warren 0 0 0 1 0 0 0 0 0 0 0/0 9:56 0:02 7:04
Riley Kidney 0 1 1 1 0 1 2 0 0 0 2/6 16:20 0:00 5:25
Shai Buium 0 0 0 -1 0 0 2 2 0 0 0/0 27:31 2:41 4:41
Simon Lundmark 0 0 0 0 0 0 0 0 0 0 0/0 0:38 0:00 0:00
Tyce Thompson 0 0 0 0 0 0 0 0 0 0 2/3 6:31 0:00 0:00
Zack Ostapchuk 0 0 0 -3 2 10 9 0 0 0 15/33 19:42 3:39 0:00
3 Stars
1 - Wyatt Bongiovanni (TFM)
2 - Ethan Cardwell (TFM)
3 - Oliver Okuliar (TFM)
Power Play
THEDFORD MINES ISOTHERMIC - 0 on 7 Attempt(s) - 0,00%
PHILADELPHIA RAIDERS - 0 on 4 Attempt(s) - 0,00%
Penalty Kill
THEDFORD MINES ISOTHERMIC - 4 on 4 Attempt(s) - 100,00%
- Score 0 goal in Penalty Kill
PHILADELPHIA RAIDERS - 7 on 7 Attempt(s) - 100,00%
- Score 0 goal in Penalty Kill
Team Stat
THEDFORD MINES ISOTHERMIC - Hits : 22 - Faceoff Wins : 48 - Blocked Shots : 14 - Penalty Minutes : 8
PHILADELPHIA RAIDERS - Hits : 23 - Faceoff Wins : 52 - Blocked Shots : 11 - Penalty Minutes : 14
Official
Referees : Stephen Hiff and Mike Campbell
Linesman : Brandon Gawryletz and Jake Davis
Game Notes
Aaron Dell enters game at 15:50 of 2nd period
THEDFORD MINES ISOTHERMIC
5 vs 5 Forward
Center Left Wing Right Wing Time % Phy DF OF
1 James Hamblin Brian Halonen Oliver Okuliar 36 1 2 2
2 Kyle Criscuolo Otto Stenberg Filip Engaras 31 1 2 2
3 Wyatt Bongiovanni Emil Bemstrom Ethan Cardwell 23 1 2 2
4 Grant Cruikshank James Hamblin Brian Halonen 10 1 2 2
5 vs 5 Defense
Defense Defense Time % Phy DF OF
1 Mikulas Hovorka Djibril Toure 36 1 2 2
2 Gavin White Vladislav Kolyachonok 31 1 2 2
3 Mikulas Hovorka Gavin White 23 1 2 2
4 Mikulas Hovorka Djibril Toure 10 1 2 2
PowerPlay Forward
Center Left Wing Right Wing Time % Phy DF OF
1 James Hamblin Brian Halonen Oliver Okuliar 55 1 2 2
2 Kyle Criscuolo Otto Stenberg Filip Engaras 45 1 2 2
PowerPlay Defense
Defense Defense Time % Phy DF OF
1 Mikulas Hovorka Djibril Toure 55 1 2 2
2 Gavin White Vladislav Kolyachonok 45 1 2 2
Penalty Kill 4 Players Forward
Center Wing Time % Phy DF OF
1 James Hamblin Brian Halonen 55 1 2 2
2 Oliver Okuliar Kyle Criscuolo 45 1 2 2
Penalty Kill 4 Players Defense
Defense Defense Time % Phy DF OF
1 Mikulas Hovorka Djibril Toure 55 1 2 2
2 Vladislav Kolyachonok Gavin White 45 1 2 2
Penalty Kill - 3 Players Forward
Forward Time % Phy DF OF
1 James Hamblin 55 1 2 2
2 Brian Halonen 45 1 2 2
Penalty Kill - 3 Players Defense
Defense Defense Time % Phy DF OF
1 Mikulas Hovorka Djibril Toure 55 1 2 2
2 Vladislav Kolyachonok Gavin White 45 1 2 2
4 vs 4 Forward
Center Wing Time % Phy DF OF
1 James Hamblin Brian Halonen 55 1 2 2
2 Oliver Okuliar Kyle Criscuolo 45 1 2 2
4 vs 4 Defense
Defense Defense Time % Phy DF OF
1 Mikulas Hovorka Djibril Toure 55 1 2 2
2 Gavin White Vladislav Kolyachonok 45 1 2 2
Last Minutes Offensive
Center Left Wing Right Wing Defense Defense
James Hamblin Brian Halonen Oliver Okuliar Mikulas Hovorka Djibril Toure
Last Minutes Defensive
Center Left Wing Right Wing Defense Defense
James Hamblin Brian Halonen Oliver Okuliar Mikulas Hovorka Djibril Toure
Goaltenders
Starting : Nikita Tolopilo
Backup : Domenic DiVincentiis
Extra Forwards
Normal : Wyatt Bongiovanni, Ethan Cardwell, Emil Bemstrom - PP : Wyatt Bongiovanni, Ethan Cardwell - PK : Emil Bemstrom
Extra Defensemen
Normal : Mikulas Hovorka, Djibril Toure, Gavin White - PP : Mikulas Hovorka - PK : Mikulas Hovorka, Djibril Toure
Penalty Shots
James Hamblin, Brian Halonen, Oliver Okuliar, Kyle Criscuolo, Wyatt Bongiovanni
Scratches
Joe Arntsen (Left Knee Injury), Jordan Martel (Healthy), Luke Haymes (Healthy), Mikael Diotte (Healthy), Sam Sedley (Healthy)
Georgi Romanov (Healthy), Evan Gardner (Healthy)
PHILADELPHIA RAIDERS
5 vs 5 Forward
Center Left Wing Right Wing Time % Phy DF OF
1 Matthew Poitras Curtis Lazar Lukas Rousek 36 1 2 2
2 Zack Ostapchuk Jonathan Gruden Gavin Hayes 31 1 2 2
3 Matthew Poitras Riley Kidney Cameron Lund 23 1 2 2
4 Riley Kidney Tyce Thompson Matthew Poitras 10 1 2 2
5 vs 5 Defense
Defense Defense Time % Phy DF OF
1 Jaycob Megna Shai Buium 36 1 2 2
2 Donovan Sebrango Brandon Scanlin 31 1 2 2
3 Shai Buium Jaycob Megna 23 1 2 2
4 Shai Buium Jaycob Megna 10 1 2 2
PowerPlay Forward
Center Left Wing Right Wing Time % Phy DF OF
1 Matthew Poitras Curtis Lazar Lukas Rousek 55 1 2 2
2 Zack Ostapchuk Jonathan Gruden Gavin Hayes 45 1 2 2
PowerPlay Defense
Defense Defense Time % Phy DF OF
1 Jaycob Megna Shai Buium 55 1 2 2
2 Donovan Sebrango Brandon Scanlin 45 1 2 2
Penalty Kill 4 Players Forward
Center Wing Time % Phy DF OF
1 Curtis Lazar Matthew Poitras 55 1 2 2
2 Lukas Rousek Riley Kidney 45 1 2 2
Penalty Kill 4 Players Defense
Defense Defense Time % Phy DF OF
1 Jaycob Megna Shai Buium 55 1 2 2
2 Noah Warren Brandon Scanlin 45 1 2 2
Penalty Kill - 3 Players Forward
Forward Time % Phy DF OF
1 Riley Kidney 55 1 2 2
2 Matthew Poitras 45 1 2 2
Penalty Kill - 3 Players Defense
Defense Defense Time % Phy DF OF
1 Jaycob Megna Donovan Sebrango 55 1 2 2
2 Shai Buium Brandon Scanlin 45 1 2 2
4 vs 4 Forward
Center Wing Time % Phy DF OF
1 Lukas Rousek Matthew Poitras 55 1 2 2
2 Curtis Lazar Cameron Lund 45 1 2 2
4 vs 4 Defense
Defense Defense Time % Phy DF OF
1 Jaycob Megna Shai Buium 55 1 2 2
2 Simon Lundmark Brandon Scanlin 45 1 2 2
Last Minutes Offensive
Center Left Wing Right Wing Defense Defense
Matthew Poitras Curtis Lazar Lukas Rousek Jaycob Megna Shai Buium
Last Minutes Defensive
Center Left Wing Right Wing Defense Defense
Matthew Poitras Curtis Lazar Lukas Rousek Jaycob Megna Shai Buium
Goaltenders
Starting : Jaxson Stauber
Backup : Aaron Dell
Extra Forwards
Normal : Matthew Poitras, Tyce Thompson, Curtis Lazar - PP : Matthew Poitras, Lukas Rousek - PK : Matthew Poitras
Extra Defensemen
Normal : Jaycob Megna, Shai Buium, Brandon Scanlin - PP : Jaycob Megna - PK : Brandon Scanlin, Jaycob Megna
Penalty Shots
Tyce Thompson, Matthew Poitras, Curtis Lazar, Lukas Rousek, Zack Ostapchuk
Scratches
Artur Cholach (Healthy), Cale Fleury (Healthy), Jani Hakanpaa (Healthy), Ethan Gauthier (Healthy), Hank Kempf (Healthy)
Kalan Lind (Healthy), Michael Callahan (Healthy)
% Time on Ice - THEDFORD MINES ISOTHERMIC
Lines # - Real PCT - Wanted PCT - Time Play
Normal Forward
1 - 28% - 36% - 11:23
2 - 36% - 31% - 14:38
3 - 28% - 23% - 11:08
4 - 8% - 10% - 3:04
Normal Defense
1 - 42% - 36% - 17:03
2 - 36% - 31% - 14:26
3 - 17% - 23% - 6:52
4 - 5% - 10% - 1:52
PP Forward
1 - 51% - 55% - 6:01
2 - 49% - 45% - 5:50
PP Defense
1 - 54% - 55% - 6:22
2 - 46% - 45% - 5:29
PK Forward
1 - 72% - 55% - 4:57
2 - 28% - 45% - 1:55
PK Defense
1 - 59% - 55% - 4:03
2 - 41% - 45% - 2:49
PK3 Forward
1 - 0% - 55%
2 - 0% - 45%
PK3 Defense
1 - 0% - 55%
2 - 0% - 45%
44 Forward
1 - 83% - 55% - 0:53
2 - 17% - 45% - 0:11
44 Defense
1 - 83% - 55% - 0:53
2 - 17% - 45% - 0:11
Last Minute Offensive - 0:00
Last Minute Defensive - 0:00
Total
Forward - 60:00
Defense - 60:00
|
% Time on Ice - PHILADELPHIA RAIDERS
Lines # - Real PCT - Wanted PCT - Time Play
Normal Forward
1 - 31% - 36% - 12:33
2 - 42% - 31% - 16:45
3 - 21% - 23% - 8:35
4 - 6% - 10% - 2:20
Normal Defense
1 - 34% - 36% - 13:52
2 - 48% - 31% - 19:30
3 - 17% - 23% - 6:51
4 - 0% - 10% - 0:00
PP Forward
1 - 47% - 55% - 3:13
2 - 53% - 45% - 3:39
PP Defense
1 - 39% - 55% - 2:41
2 - 61% - 45% - 4:11
PK Forward
1 - 53% - 55% - 6:20
2 - 47% - 45% - 5:31
PK Defense
1 - 40% - 55% - 4:41
2 - 60% - 45% - 7:10
PK3 Forward
1 - 0% - 55%
2 - 0% - 45%
PK3 Defense
1 - 0% - 55%
2 - 0% - 45%
44 Forward
1 - 75% - 55% - 0:48
2 - 25% - 45% - 0:16
44 Defense
1 - 41% - 55% - 0:26
2 - 59% - 45% - 0:38
Last Minute Offensive - 0:00
Last Minute Defensive - 0:00
Total
Forward - 60:00
Defense - 60:00
|
Play-by-Play
1st period
0:01 of 1st period - James Hamblin wins face-off versus Matthew Poitras in neutral zone.
0:03 of 1st period - Off-side.
0:04 of 1st period - Kyle Criscuolo wins face-off versus Zack Ostapchuk in neutral zone.
0:04 of 1st period - Kyle Criscuolo is hit by Zack Ostapchuk.
0:08 of 1st period - Shot by Kyle Criscuolo.
0:08 of 1st period - Stopped by Jaxson Stauber without a rebound.
0:09 of 1st period - Wyatt Bongiovanni wins face-off versus Matthew Poitras in PHILADELPHIA RAIDERS zone.
0:24 of 1st period - Shot by Wyatt Bongiovanni.
0:24 of 1st period - Shot Blocked by Shai Buium.
0:26 of 1st period - Shot by Ethan Cardwell.
0:26 of 1st period - Shot Blocked by Shai Buium.
1:15 of 1st period - Shot by Jonathan Gruden.
1:15 of 1st period - Stopped by Nikita Tolopilo without a rebound.
1:16 of 1st period - Zack Ostapchuk wins face-off versus Kyle Criscuolo in THEDFORD MINES ISOTHERMIC zone.
1:16 of 1st period - Gavin Hayes is hit by Gavin White and loses puck.
1:43 of 1st period - Shot by Kyle Criscuolo.
1:43 of 1st period - Deflect By Otto Stenberg.
1:43 of 1st period - Shot Misses the Net.
1:45 of 1st period - Shot by Filip Engaras.
1:45 of 1st period - Deflect By Kyle Criscuolo.
1:45 of 1st period - Stopped by Jaxson Stauber without a rebound.
1:46 of 1st period - Matthew Poitras wins face-off versus Grant Cruikshank in PHILADELPHIA RAIDERS zone.
1:51 of 1st period - Shot by Curtis Lazar.
1:51 of 1st period - Stopped by Nikita Tolopilo with a rebound.
2:04 of 1st period - Curtis Lazar is hit by Djibril Toure and loses puck.
2:09 of 1st period - Shot by Matthew Poitras.
2:09 of 1st period - Shot Blocked by James Hamblin.
2:26 of 1st period - James Hamblin is hit by Zack Ostapchuk and loses puck.
2:30 of 1st period - Djibril Toure is hit by Brandon Scanlin and loses puck.
3:09 of 1st period - Shot by Kyle Criscuolo.
3:09 of 1st period - Shot Blocked by Brandon Scanlin.
3:11 of 1st period - Shot by Vladislav Kolyachonok.
3:11 of 1st period - Stopped by Jaxson Stauber without a rebound.
3:12 of 1st period - Wyatt Bongiovanni wins face-off versus Riley Kidney in PHILADELPHIA RAIDERS zone.
3:17 of 1st period - Shot by Wyatt Bongiovanni.
3:17 of 1st period - Stopped by Jaxson Stauber without a rebound.
3:18 of 1st period - Kyle Criscuolo wins face-off versus Matthew Poitras in PHILADELPHIA RAIDERS zone.
3:19 of 1st period - Shot by Otto Stenberg.
3:19 of 1st period - Shot Misses the Net.
3:28 of 1st period - Minor Penalty to Curtis Lazar for Hooking.
3:29 of 1st period - Kyle Criscuolo wins face-off versus Cameron Lund in PHILADELPHIA RAIDERS zone.
3:50 of 1st period - Shot by Kyle Criscuolo.
3:50 of 1st period - Deflect By Filip Engaras.
3:50 of 1st period - Stopped by Jaxson Stauber with a rebound.
4:12 of 1st period - Shot by James Hamblin.
4:12 of 1st period - Stopped by Jaxson Stauber without a rebound.
4:13 of 1st period - Lukas Rousek wins face-off versus James Hamblin in PHILADELPHIA RAIDERS zone.
5:16 of 1st period - Shot by Otto Stenberg.
5:16 of 1st period - Stopped by Jaxson Stauber without a rebound.
5:17 of 1st period - James Hamblin wins face-off versus Cameron Lund in PHILADELPHIA RAIDERS zone.
5:20 of 1st period - Shot by Brian Halonen.
5:20 of 1st period - Shot Misses the Net.
5:22 of 1st period - Shot by Djibril Toure.
5:22 of 1st period - Stopped by Jaxson Stauber without a rebound.
5:23 of 1st period - Cameron Lund wins face-off versus James Hamblin in PHILADELPHIA RAIDERS zone.
5:47 of 1st period - Emil Bemstrom is hit by Brandon Scanlin and loses puck.
6:10 of 1st period - Shot by Matthew Poitras.
6:10 of 1st period - Shot Misses the Net.
6:12 of 1st period - Shot by Curtis Lazar.
6:12 of 1st period - Stopped by Nikita Tolopilo without a rebound.
6:13 of 1st period - Matthew Poitras wins face-off versus Oliver Okuliar in THEDFORD MINES ISOTHERMIC zone.
6:13 of 1st period - Curtis Lazar is hit by Gavin White and loses puck.
6:21 of 1st period - Oliver Okuliar is hit by Shai Buium and loses puck.
6:32 of 1st period - Icing by Matthew Poitras.
6:33 of 1st period - Lukas Rousek wins face-off versus Kyle Criscuolo in PHILADELPHIA RAIDERS zone.
7:02 of 1st period - Shot by Kyle Criscuolo.
7:02 of 1st period - Shot Misses the Net.
7:13 of 1st period - Lukas Rousek is hit by Chase Pauls and loses puck.
7:14 of 1st period - Minor Penalty to Chase Pauls for Roughing.
7:15 of 1st period - James Hamblin wins face-off versus Zack Ostapchuk in THEDFORD MINES ISOTHERMIC zone.
8:21 of 1st period - Shot by Curtis Lazar.
8:21 of 1st period - Stopped by Nikita Tolopilo without a rebound.
8:22 of 1st period - Zack Ostapchuk wins face-off versus Oliver Okuliar in THEDFORD MINES ISOTHERMIC zone.
8:25 of 1st period - Shot by Jonathan Gruden.
8:25 of 1st period - Stopped by Nikita Tolopilo without a rebound.
8:26 of 1st period - Oliver Okuliar wins face-off versus Zack Ostapchuk in THEDFORD MINES ISOTHERMIC zone.
8:40 of 1st period - Shot by Zack Ostapchuk.
8:40 of 1st period - Stopped by Nikita Tolopilo without a rebound.
8:41 of 1st period - James Hamblin wins face-off versus Matthew Poitras in THEDFORD MINES ISOTHERMIC zone.
8:41 of 1st period - Brian Halonen is hit by Matthew Poitras and loses puck.
8:56 of 1st period - Shot by Matthew Poitras.
8:56 of 1st period - Shot Misses the Net.
8:58 of 1st period - Shot by Curtis Lazar.
8:58 of 1st period - Stopped by Nikita Tolopilo with a rebound.
9:00 of 1st period - Shot by Matthew Poitras.
9:00 of 1st period - Shot Blocked by James Hamblin.
9:26 of 1st period - Shot by Jonathan Gruden.
9:26 of 1st period - Shot Hit the Post.
9:53 of 1st period - Cameron Lund is hit by Mikulas Hovorka and loses puck.
10:09 of 1st period - Shot by Cameron Lund.
10:09 of 1st period - Goal by Cameron Lund - THEDFORD MINES ISOTHERMIC : 0 - PHILADELPHIA RAIDERS : 1.
10:10 of 1st period - Otto Stenberg wins face-off versus Riley Kidney in neutral zone.
10:54 of 1st period - Shot by Zack Ostapchuk.
10:54 of 1st period - Shot Blocked by Gavin White.
10:56 of 1st period - Shot by Zack Ostapchuk.
10:56 of 1st period - Stopped by Nikita Tolopilo with a rebound.
10:58 of 1st period - Shot by Brandon Scanlin.
10:58 of 1st period - Shot Misses the Net.
11:00 of 1st period - Shot by Zack Ostapchuk.
11:00 of 1st period - Stopped by Nikita Tolopilo with a rebound.
11:02 of 1st period - Shot by Donovan Sebrango.
11:02 of 1st period - Stopped by Nikita Tolopilo without a rebound.
11:03 of 1st period - Matthew Poitras wins face-off versus James Hamblin in THEDFORD MINES ISOTHERMIC zone.
11:03 of 1st period - Matthew Poitras is hit by Chase Pauls.
12:01 of 1st period - Emil Bemstrom is hit by Donovan Sebrango and loses puck.
12:24 of 1st period - Shot by Zack Ostapchuk.
12:24 of 1st period - Stopped by Nikita Tolopilo without a rebound.
12:25 of 1st period - Zack Ostapchuk wins face-off versus Kyle Criscuolo in THEDFORD MINES ISOTHERMIC zone.
12:25 of 1st period - Zack Ostapchuk is hit by Chase Pauls.
12:35 of 1st period - Shot by Zack Ostapchuk.
12:35 of 1st period - Shot Blocked by Brian Halonen.
12:42 of 1st period - Icing by Brian Halonen.
12:43 of 1st period - Kyle Criscuolo wins face-off versus Zack Ostapchuk in THEDFORD MINES ISOTHERMIC zone.
12:45 of 1st period - Brian Halonen is hit by Gavin Hayes and loses puck.
13:40 of 1st period - Shot by Oliver Okuliar.
13:40 of 1st period - Stopped by Jaxson Stauber with a rebound.
13:44 of 1st period - Shot by James Hamblin.
13:44 of 1st period - Shot Misses the Net.
14:37 of 1st period - Shot by Lukas Rousek.
14:37 of 1st period - Shot Misses the Net.
14:54 of 1st period - Shot by Gavin Hayes.
14:54 of 1st period - Shot Blocked by Vladislav Kolyachonok.
14:56 of 1st period - Shot by Cameron Lund.
14:56 of 1st period - Shot Misses the Net.
14:58 of 1st period - Shot by Jonathan Gruden.
14:58 of 1st period - Deflect By Gavin Hayes.
14:58 of 1st period - Shot Misses the Net.
15:00 of 1st period - Shot by Gavin Hayes.
15:00 of 1st period - Goal by Gavin Hayes - THEDFORD MINES ISOTHERMIC : 0 - PHILADELPHIA RAIDERS : 2.
15:01 of 1st period - Kyle Criscuolo wins face-off versus Riley Kidney in neutral zone.
15:04 of 1st period - Shot by Otto Stenberg.
15:04 of 1st period - Shot Misses the Net.
15:06 of 1st period - Shot by Otto Stenberg.
15:06 of 1st period - Shot Misses the Net.
15:08 of 1st period - Shot by Kyle Criscuolo.
15:08 of 1st period - Shot Blocked by Jaycob Megna.
15:12 of 1st period - Shot by Otto Stenberg.
15:12 of 1st period - Shot Hit the Post.
15:14 of 1st period - Shot by Mikulas Hovorka.
15:14 of 1st period - Shot Misses the Net.
15:16 of 1st period - Shot by Gavin White.
15:16 of 1st period - Shot Misses the Net.
15:22 of 1st period - Shot by Kyle Criscuolo.
15:22 of 1st period - Shot Misses the Net.
15:24 of 1st period - Shot by Otto Stenberg.
15:24 of 1st period - Stopped by Jaxson Stauber with a rebound.
15:53 of 1st period - Icing by Shai Buium.
15:54 of 1st period - Riley Kidney wins face-off versus Wyatt Bongiovanni in PHILADELPHIA RAIDERS zone.
15:54 of 1st period - Riley Kidney is hit by Ethan Cardwell.
16:01 of 1st period - Minor Penalty to Ethan Cardwell for Hooking.
16:02 of 1st period - Zack Ostapchuk wins face-off versus Oliver Okuliar in THEDFORD MINES ISOTHERMIC zone.
16:27 of 1st period - Shot by Zack Ostapchuk.
16:27 of 1st period - Shot Misses the Net.
16:29 of 1st period - Shot by Zack Ostapchuk.
16:29 of 1st period - Stopped by Nikita Tolopilo without a rebound.
16:30 of 1st period - Matthew Poitras wins face-off versus James Hamblin in THEDFORD MINES ISOTHERMIC zone.
16:37 of 1st period - Shot by Curtis Lazar.
16:37 of 1st period - Stopped by Nikita Tolopilo without a rebound.
16:38 of 1st period - James Hamblin wins face-off versus Matthew Poitras in THEDFORD MINES ISOTHERMIC zone.
18:19 of 1st period - Icing by Vladislav Kolyachonok.
18:20 of 1st period - Zack Ostapchuk wins face-off versus Kyle Criscuolo in THEDFORD MINES ISOTHERMIC zone.
18:32 of 1st period - Off-side.
18:33 of 1st period - James Hamblin wins face-off versus Matthew Poitras in neutral zone.
19:40 of 1st period - Shot by Wyatt Bongiovanni.
19:40 of 1st period - Goal by Wyatt Bongiovanni - THEDFORD MINES ISOTHERMIC : 1 - PHILADELPHIA RAIDERS : 2.
19:41 of 1st period - Kyle Criscuolo wins face-off versus Tyce Thompson in neutral zone.
19:59 of 1st period - Shot by Lukas Rousek.
19:59 of 1st period - Shot Misses the Net.
Goals for this period are 1 for THEDFORD MINES ISOTHERMIC vs 2 for PHILADELPHIA RAIDERS.
Shots for this period are 11 for THEDFORD MINES ISOTHERMIC vs 15 for PHILADELPHIA RAIDERS.
2nd period
0:01 of 2nd period - Curtis Lazar wins face-off versus James Hamblin in neutral zone.
0:09 of 2nd period - Minor Penalty to Curtis Lazar for Interference.
0:10 of 2nd period - Brian Halonen wins face-off versus Cameron Lund in PHILADELPHIA RAIDERS zone.
0:13 of 2nd period - Shot by Oliver Okuliar.
0:13 of 2nd period - Shot Blocked by Cameron Lund.
0:25 of 2nd period - Shot by Oliver Okuliar.
0:25 of 2nd period - Stopped by Jaxson Stauber without a rebound.
0:26 of 2nd period - Kyle Criscuolo wins face-off versus Matthew Poitras in PHILADELPHIA RAIDERS zone.
0:58 of 2nd period - Off-side.
0:59 of 2nd period - James Hamblin wins face-off versus Cameron Lund in neutral zone.
1:10 of 2nd period - Shot by James Hamblin.
1:10 of 2nd period - Stopped by Jaxson Stauber without a rebound.
1:11 of 2nd period - Lukas Rousek wins face-off versus James Hamblin in PHILADELPHIA RAIDERS zone.
2:15 of 2nd period - Icing by Zack Ostapchuk.
2:16 of 2nd period - Wyatt Bongiovanni wins face-off versus Zack Ostapchuk in PHILADELPHIA RAIDERS zone.
2:23 of 2nd period - Shot by Emil Bemstrom.
2:23 of 2nd period - Shot Misses the Net.
2:25 of 2nd period - Shot by Vladislav Kolyachonok.
2:25 of 2nd period - Shot Blocked by Donovan Sebrango.
2:31 of 2nd period - Shot by Wyatt Bongiovanni.
2:31 of 2nd period - Shot Misses the Net.
2:33 of 2nd period - Shot by Ethan Cardwell.
2:33 of 2nd period - Goal by Ethan Cardwell - THEDFORD MINES ISOTHERMIC : 2 - PHILADELPHIA RAIDERS : 2.
2:34 of 2nd period - Otto Stenberg wins face-off versus Matthew Poitras in neutral zone.
2:40 of 2nd period - Kyle Criscuolo is hit by Shai Buium and loses puck.
3:09 of 2nd period - Shot by Matthew Poitras.
3:09 of 2nd period - Shot Blocked by Mikulas Hovorka.
3:16 of 2nd period - Icing by Djibril Toure.
3:17 of 2nd period - Kyle Criscuolo wins face-off versus Zack Ostapchuk in THEDFORD MINES ISOTHERMIC zone.
3:28 of 2nd period - Minor Penalty to Mikulas Hovorka for Hooking.
3:29 of 2nd period - James Hamblin wins face-off versus Zack Ostapchuk in THEDFORD MINES ISOTHERMIC zone.
3:29 of 2nd period - James Hamblin is hit by Zack Ostapchuk.
3:39 of 2nd period - Shot by Jonathan Gruden.
3:39 of 2nd period - Shot Misses the Net.
4:12 of 2nd period - Icing by Zack Ostapchuk.
4:13 of 2nd period - James Hamblin wins face-off versus Zack Ostapchuk in PHILADELPHIA RAIDERS zone.
4:14 of 2nd period - Shot by Brian Halonen.
4:14 of 2nd period - Stopped by Jaxson Stauber with a rebound.
4:23 of 2nd period - Minor Penalty to Brandon Scanlin for Hooking.
4:24 of 2nd period - Lukas Rousek wins face-off versus James Hamblin in PHILADELPHIA RAIDERS zone.
4:46 of 2nd period - Shot by Lukas Rousek.
4:46 of 2nd period - Shot Misses the Net.
4:49 of 2nd period - Icing by Djibril Toure.
4:50 of 2nd period - Lukas Rousek wins face-off versus James Hamblin in THEDFORD MINES ISOTHERMIC zone.
5:00 of 2nd period - Icing by James Hamblin.
5:01 of 2nd period - Curtis Lazar wins face-off versus James Hamblin in THEDFORD MINES ISOTHERMIC zone.
5:12 of 2nd period - Shot by Curtis Lazar.
5:12 of 2nd period - Shot Misses the Net.
5:14 of 2nd period - Shot by Curtis Lazar.
5:14 of 2nd period - Shot Misses the Net.
5:16 of 2nd period - Shot by Cameron Lund.
5:16 of 2nd period - Stopped by Nikita Tolopilo without a rebound.
5:17 of 2nd period - Oliver Okuliar wins face-off versus Matthew Poitras in THEDFORD MINES ISOTHERMIC zone.
6:26 of 2nd period - Icing by Zack Ostapchuk.
6:27 of 2nd period - Jonathan Gruden wins face-off versus Wyatt Bongiovanni in PHILADELPHIA RAIDERS zone.
6:36 of 2nd period - Shot by Gavin Hayes.
6:36 of 2nd period - Shot Blocked by Vladislav Kolyachonok.
6:38 of 2nd period - Shot by Jonathan Gruden.
6:38 of 2nd period - Shot Blocked by Vladislav Kolyachonok.
6:40 of 2nd period - Shot by Donovan Sebrango.
6:40 of 2nd period - Stopped by Nikita Tolopilo with a rebound.
7:01 of 2nd period - Shot by Zack Ostapchuk.
7:01 of 2nd period - Stopped by Nikita Tolopilo without a rebound.
7:02 of 2nd period - Matthew Poitras wins face-off versus Kyle Criscuolo in THEDFORD MINES ISOTHERMIC zone.
7:13 of 2nd period - Shot by Curtis Lazar.
7:13 of 2nd period - Shot Misses the Net.
7:31 of 2nd period - Matthew Poitras is hit by Djibril Toure and loses puck.
7:38 of 2nd period - Shot by Matthew Poitras.
7:38 of 2nd period - Shot Misses the Net.
7:48 of 2nd period - Shot by Zack Ostapchuk.
7:48 of 2nd period - Deflect By Jonathan Gruden.
7:48 of 2nd period - Shot Misses the Net.
7:55 of 2nd period - Gavin Hayes is hit by Djibril Toure and loses puck.
8:02 of 2nd period - Shot by Gavin Hayes.
8:02 of 2nd period - Shot Blocked by Kyle Criscuolo.
8:04 of 2nd period - Shot by Zack Ostapchuk.
8:04 of 2nd period - Stopped by Nikita Tolopilo without a rebound.
8:05 of 2nd period - Matthew Poitras wins face-off versus James Hamblin in THEDFORD MINES ISOTHERMIC zone.
8:12 of 2nd period - Shot by Cameron Lund.
8:12 of 2nd period - Shot Misses the Net.
8:14 of 2nd period - Shot by Riley Kidney.
8:14 of 2nd period - Shot Blocked by James Hamblin.
8:28 of 2nd period - Shot by Matthew Poitras.
8:28 of 2nd period - Stopped by Nikita Tolopilo with a rebound.
8:30 of 2nd period - Shot by Matthew Poitras.
8:30 of 2nd period - Stopped by Nikita Tolopilo without a rebound.
8:31 of 2nd period - Wyatt Bongiovanni wins face-off versus Zack Ostapchuk in THEDFORD MINES ISOTHERMIC zone.
8:43 of 2nd period - Shot by Jonathan Gruden.
8:43 of 2nd period - Stopped by Nikita Tolopilo without a rebound.
8:44 of 2nd period - Lukas Rousek wins face-off versus James Hamblin in THEDFORD MINES ISOTHERMIC zone.
9:16 of 2nd period - Icing by Djibril Toure.
9:17 of 2nd period - Zack Ostapchuk wins face-off versus James Hamblin in THEDFORD MINES ISOTHERMIC zone.
9:17 of 2nd period - Zack Ostapchuk is hit by Djibril Toure.
11:02 of 2nd period - Lukas Rousek is hit by Chase Pauls and loses puck.
11:17 of 2nd period - Off-side.
11:18 of 2nd period - James Hamblin wins face-off versus Zack Ostapchuk in neutral zone.
12:10 of 2nd period - Shot by Cameron Lund.
12:10 of 2nd period - Shot Blocked by Vladislav Kolyachonok.
12:39 of 2nd period - Icing by Curtis Lazar.
12:40 of 2nd period - Wyatt Bongiovanni wins face-off versus Matthew Poitras in PHILADELPHIA RAIDERS zone.
12:47 of 2nd period - Shot by Ethan Cardwell.
12:47 of 2nd period - Goal by Ethan Cardwell - THEDFORD MINES ISOTHERMIC : 3 - PHILADELPHIA RAIDERS : 2.
12:48 of 2nd period - Zack Ostapchuk wins face-off versus James Hamblin in neutral zone.
12:57 of 2nd period - Shot by Jonathan Gruden.
12:57 of 2nd period - Shot Misses the Net.
13:11 of 2nd period - Shot by James Hamblin.
13:11 of 2nd period - Shot Misses the Net.
13:40 of 2nd period - Shot by Matthew Poitras.
13:40 of 2nd period - Shot Misses the Net.
14:02 of 2nd period - Shot by Curtis Lazar.
14:02 of 2nd period - Shot Blocked by Vladislav Kolyachonok.
14:04 of 2nd period - Shot by Matthew Poitras.
14:04 of 2nd period - Shot Misses the Net.
15:02 of 2nd period - Andrew Perrott is hit by Zack Ostapchuk and loses puck.
15:48 of 2nd period - Shot by Brian Halonen.
15:48 of 2nd period - Shot Misses the Net.
15:50 of 2nd period - Shot by Oliver Okuliar.
15:50 of 2nd period - Goal by Oliver Okuliar - THEDFORD MINES ISOTHERMIC : 4 - PHILADELPHIA RAIDERS : 2.
15:50 of 2nd period - Aaron Dell enters game.
15:51 of 2nd period - Riley Kidney wins face-off versus Grant Cruikshank in neutral zone.
15:57 of 2nd period - Matthew Poitras is hit by Mikulas Hovorka and loses puck.
16:06 of 2nd period - Shot by Matthew Poitras.
16:06 of 2nd period - Shot Blocked by Mikulas Hovorka.
16:08 of 2nd period - Shot by Matthew Poitras.
16:08 of 2nd period - Shot Misses the Net.
16:10 of 2nd period - Shot by Brandon Scanlin.
16:10 of 2nd period - Stopped by Nikita Tolopilo with a rebound.
16:14 of 2nd period - Shot by Matthew Poitras.
16:14 of 2nd period - Shot Misses the Net.
16:40 of 2nd period - Shot by Curtis Lazar.
16:40 of 2nd period - Stopped by Nikita Tolopilo without a rebound.
16:41 of 2nd period - Zack Ostapchuk wins face-off versus Ethan Cardwell in THEDFORD MINES ISOTHERMIC zone.
16:48 of 2nd period - Shot by Jonathan Gruden.
16:48 of 2nd period - Shot Misses the Net.
17:17 of 2nd period - Icing by Vladislav Kolyachonok.
17:18 of 2nd period - Wyatt Bongiovanni wins face-off versus Matthew Poitras in THEDFORD MINES ISOTHERMIC zone.
17:18 of 2nd period - Wyatt Bongiovanni is hit by Curtis Lazar.
17:46 of 2nd period - Shot by Lukas Rousek.
17:46 of 2nd period - Deflect By Matthew Poitras.
17:46 of 2nd period - Shot Misses the Net.
17:56 of 2nd period - Shot by Cameron Lund.
17:56 of 2nd period - Shot Misses the Net.
17:58 of 2nd period - Shot by Cameron Lund.
17:58 of 2nd period - Stopped by Nikita Tolopilo without a rebound.
17:59 of 2nd period - Tyce Thompson wins face-off versus Otto Stenberg in THEDFORD MINES ISOTHERMIC zone.
17:59 of 2nd period - Jonathan Gruden is hit by Chase Pauls and loses puck.
18:12 of 2nd period - Gavin White is hit by Jonathan Gruden and loses puck.
18:20 of 2nd period - Icing by Gavin White.
18:21 of 2nd period - Matthew Poitras wins face-off versus Kyle Criscuolo in THEDFORD MINES ISOTHERMIC zone.
18:21 of 2nd period - Matthew Poitras is hit by Chase Pauls.
18:32 of 2nd period - Kyle Criscuolo is hit by Brandon Scanlin and loses puck.
18:42 of 2nd period - Minor Penalty to Emil Bemstrom for Interference.
18:43 of 2nd period - Zack Ostapchuk wins face-off versus James Hamblin in THEDFORD MINES ISOTHERMIC zone.
18:44 of 2nd period - Shot by Jaycob Megna.
18:44 of 2nd period - Stopped by Nikita Tolopilo without a rebound.
18:45 of 2nd period - Zack Ostapchuk wins face-off versus James Hamblin in THEDFORD MINES ISOTHERMIC zone.
18:52 of 2nd period - Shot by Zack Ostapchuk.
18:52 of 2nd period - Shot Misses the Net.
18:54 of 2nd period - Shot by Jaycob Megna.
18:54 of 2nd period - Stopped by Nikita Tolopilo without a rebound.
18:55 of 2nd period - Zack Ostapchuk wins face-off versus James Hamblin in THEDFORD MINES ISOTHERMIC zone.
18:58 of 2nd period - Shot by Zack Ostapchuk.
18:58 of 2nd period - Stopped by Nikita Tolopilo without a rebound.
18:59 of 2nd period - Zack Ostapchuk wins face-off versus James Hamblin in THEDFORD MINES ISOTHERMIC zone.
19:06 of 2nd period - Shot by Zack Ostapchuk.
19:06 of 2nd period - Stopped by Nikita Tolopilo without a rebound.
19:07 of 2nd period - James Hamblin wins face-off versus Matthew Poitras in THEDFORD MINES ISOTHERMIC zone.
19:20 of 2nd period - Shot by Curtis Lazar.
19:20 of 2nd period - Stopped by Nikita Tolopilo without a rebound.
19:21 of 2nd period - James Hamblin wins face-off versus Zack Ostapchuk in THEDFORD MINES ISOTHERMIC zone.
19:39 of 2nd period - Shot by Zack Ostapchuk.
19:39 of 2nd period - Stopped by Nikita Tolopilo without a rebound.
19:40 of 2nd period - Matthew Poitras wins face-off versus James Hamblin in THEDFORD MINES ISOTHERMIC zone.
Goals for this period are 3 for THEDFORD MINES ISOTHERMIC vs 0 for PHILADELPHIA RAIDERS.
Shots for this period are 6 for THEDFORD MINES ISOTHERMIC vs 16 for PHILADELPHIA RAIDERS.
3rd period
0:01 of 3rd period - Matthew Poitras wins face-off versus James Hamblin in neutral zone.
0:39 of 3rd period - Shot by Curtis Lazar.
0:39 of 3rd period - Shot Misses the Net.
1:23 of 3rd period - Icing by Vladislav Kolyachonok.
1:24 of 3rd period - Kyle Criscuolo wins face-off versus Matthew Poitras in THEDFORD MINES ISOTHERMIC zone.
1:24 of 3rd period - Kyle Criscuolo is hit by Matthew Poitras.
1:35 of 3rd period - Icing by Cameron Lund.
1:36 of 3rd period - Brian Halonen wins face-off versus Matthew Poitras in PHILADELPHIA RAIDERS zone.
1:41 of 3rd period - Shot by James Hamblin.
1:41 of 3rd period - Shot Misses the Net.
1:47 of 3rd period - Shot by Brian Halonen.
1:47 of 3rd period - Shot Blocked by Jaycob Megna.
1:50 of 3rd period - Icing by Shai Buium.
1:51 of 3rd period - Matthew Poitras wins face-off versus Wyatt Bongiovanni in PHILADELPHIA RAIDERS zone.
1:56 of 3rd period - Emil Bemstrom is hit by Riley Kidney and loses puck.
2:01 of 3rd period - Shot by Cameron Lund.
2:01 of 3rd period - Stopped by Nikita Tolopilo without a rebound.
2:02 of 3rd period - James Hamblin wins face-off versus Zack Ostapchuk in THEDFORD MINES ISOTHERMIC zone.
2:22 of 3rd period - Shot by James Hamblin.
2:22 of 3rd period - Stopped by Aaron Dell without a rebound.
2:23 of 3rd period - Matthew Poitras wins face-off versus Wyatt Bongiovanni in PHILADELPHIA RAIDERS zone.
2:23 of 3rd period - Matthew Poitras is hit by Ethan Cardwell.
2:34 of 3rd period - Off-side.
2:35 of 3rd period - James Hamblin wins face-off versus Zack Ostapchuk in neutral zone.
2:58 of 3rd period - Shot by Brian Halonen.
2:58 of 3rd period - Shot Blocked by Brandon Scanlin.
3:00 of 3rd period - Shot by Brian Halonen.
3:00 of 3rd period - Shot Misses the Net.
3:08 of 3rd period - Shot by Zack Ostapchuk.
3:08 of 3rd period - Shot Misses the Net.
3:13 of 3rd period - Off-side.
3:14 of 3rd period - Matthew Poitras wins face-off versus Wyatt Bongiovanni in neutral zone.
3:26 of 3rd period - Shot by Matthew Poitras.
3:26 of 3rd period - Shot Misses the Net.
3:45 of 3rd period - Shot by Wyatt Bongiovanni.
3:45 of 3rd period - Shot Blocked by Matthew Poitras.
4:12 of 3rd period - Shot by Filip Engaras.
4:12 of 3rd period - Stopped by Aaron Dell without a rebound.
4:13 of 3rd period - James Hamblin wins face-off versus Zack Ostapchuk in PHILADELPHIA RAIDERS zone.
4:24 of 3rd period - Shot by Brian Halonen.
4:24 of 3rd period - Shot Misses the Net.
4:26 of 3rd period - Shot by Gavin White.
4:26 of 3rd period - Stopped by Aaron Dell without a rebound.
4:27 of 3rd period - Zack Ostapchuk wins face-off versus Kyle Criscuolo in PHILADELPHIA RAIDERS zone.
4:51 of 3rd period - Shot by Kyle Criscuolo.
4:51 of 3rd period - Shot Misses the Net.
4:53 of 3rd period - Shot by Otto Stenberg.
4:53 of 3rd period - Stopped by Aaron Dell without a rebound.
4:54 of 3rd period - James Hamblin wins face-off versus Matthew Poitras in PHILADELPHIA RAIDERS zone.
4:55 of 3rd period - Shot by Oliver Okuliar.
4:55 of 3rd period - Shot Blocked by Jaycob Megna.
5:15 of 3rd period - Shot by Cameron Lund.
5:15 of 3rd period - Stopped by Nikita Tolopilo without a rebound.
5:16 of 3rd period - Wyatt Bongiovanni wins face-off versus Zack Ostapchuk in THEDFORD MINES ISOTHERMIC zone.
5:16 of 3rd period - Wyatt Bongiovanni is hit by Zack Ostapchuk.
5:27 of 3rd period - Shot by Zack Ostapchuk.
5:27 of 3rd period - Shot Blocked by Emil Bemstrom.
5:33 of 3rd period - Ethan Cardwell is hit by Zack Ostapchuk and loses puck.
5:44 of 3rd period - Shot by Emil Bemstrom.
5:44 of 3rd period - Stopped by Aaron Dell without a rebound.
5:45 of 3rd period - Matthew Poitras wins face-off versus Oliver Okuliar in PHILADELPHIA RAIDERS zone.
5:45 of 3rd period - Matthew Poitras is hit by Oliver Okuliar.
6:05 of 3rd period - Shot by Oliver Okuliar.
6:05 of 3rd period - Goal by Oliver Okuliar - THEDFORD MINES ISOTHERMIC : 5 - PHILADELPHIA RAIDERS : 2.
6:06 of 3rd period - Kyle Criscuolo wins face-off versus Matthew Poitras in neutral zone.
6:06 of 3rd period - Vladislav Kolyachonok is hit by Riley Kidney and loses puck.
6:10 of 3rd period - Minor Penalty to Brandon Scanlin for Slashing.
6:11 of 3rd period - Curtis Lazar wins face-off versus James Hamblin in PHILADELPHIA RAIDERS zone.
6:27 of 3rd period - Shot by Djibril Toure.
6:27 of 3rd period - Stopped by Aaron Dell with a rebound.
6:49 of 3rd period - Icing by Djibril Toure.
6:50 of 3rd period - Matthew Poitras wins face-off versus James Hamblin in THEDFORD MINES ISOTHERMIC zone.
7:26 of 3rd period - Icing by Vladislav Kolyachonok.
7:27 of 3rd period - Lukas Rousek wins face-off versus Kyle Criscuolo in THEDFORD MINES ISOTHERMIC zone.
7:46 of 3rd period - Shot by Matthew Poitras.
7:46 of 3rd period - Shot Misses the Net.
8:09 of 3rd period - Minor Penalty to Lukas Rousek for Charging.
8:10 of 3rd period - James Hamblin wins face-off versus Cameron Lund in PHILADELPHIA RAIDERS zone.
8:21 of 3rd period - Shot by Brian Halonen.
8:21 of 3rd period - Stopped by Aaron Dell with a rebound.
8:23 of 3rd period - Shot by Mikulas Hovorka.
8:23 of 3rd period - Stopped by Aaron Dell without a rebound.
8:24 of 3rd period - Cameron Lund wins face-off versus James Hamblin in PHILADELPHIA RAIDERS zone.
9:13 of 3rd period - Shot by Curtis Lazar.
9:13 of 3rd period - Shot Misses the Net.
9:17 of 3rd period - Shot by Curtis Lazar.
9:17 of 3rd period - Shot Misses the Net.
9:19 of 3rd period - Shot by Curtis Lazar.
9:19 of 3rd period - Shot Misses the Net.
9:21 of 3rd period - Shot by Brandon Scanlin.
9:21 of 3rd period - Shot Misses the Net.
9:57 of 3rd period - Shot by Oliver Okuliar.
9:57 of 3rd period - Stopped by Aaron Dell without a rebound.
9:58 of 3rd period - James Hamblin wins face-off versus Matthew Poitras in PHILADELPHIA RAIDERS zone.
9:59 of 3rd period - Shot by Oliver Okuliar.
9:59 of 3rd period - Stopped by Aaron Dell with a rebound.
10:01 of 3rd period - Shot by James Hamblin.
10:01 of 3rd period - Shot Misses the Net.
10:03 of 3rd period - Shot by Mikulas Hovorka.
10:03 of 3rd period - Shot Blocked by Jaycob Megna.
10:14 of 3rd period - Minor Penalty to Zack Ostapchuk for Hooking.
10:15 of 3rd period - Curtis Lazar wins face-off versus James Hamblin in PHILADELPHIA RAIDERS zone.
10:24 of 3rd period - Shot by Riley Kidney.
10:24 of 3rd period - Stopped by Nikita Tolopilo with a rebound.
10:32 of 3rd period - Shot by Brian Halonen.
10:32 of 3rd period - Deflect By Oliver Okuliar.
10:32 of 3rd period - Stopped by Aaron Dell without a rebound.
10:33 of 3rd period - Curtis Lazar wins face-off versus Kyle Criscuolo in PHILADELPHIA RAIDERS zone.
11:32 of 3rd period - Shot by Oliver Okuliar.
11:32 of 3rd period - Stopped by Aaron Dell with a rebound.
11:38 of 3rd period - Curtis Lazar is hit by Oliver Okuliar and loses puck.
12:17 of 3rd period - Icing by John Ludvig.
12:18 of 3rd period - Ethan Cardwell wins face-off versus Zack Ostapchuk in PHILADELPHIA RAIDERS zone.
12:21 of 3rd period - Shot by Wyatt Bongiovanni.
12:21 of 3rd period - Goal by Wyatt Bongiovanni - THEDFORD MINES ISOTHERMIC : 6 - PHILADELPHIA RAIDERS : 2.
12:22 of 3rd period - Zack Ostapchuk wins face-off versus Wyatt Bongiovanni in neutral zone.
12:25 of 3rd period - Shot by Jonathan Gruden.
12:25 of 3rd period - Stopped by Nikita Tolopilo without a rebound.
12:26 of 3rd period - Wyatt Bongiovanni wins face-off versus Zack Ostapchuk in THEDFORD MINES ISOTHERMIC zone.
12:26 of 3rd period - Emil Bemstrom is hit by Zack Ostapchuk and loses puck.
12:30 of 3rd period - Icing by Ethan Cardwell.
12:31 of 3rd period - Zack Ostapchuk wins face-off versus Wyatt Bongiovanni in THEDFORD MINES ISOTHERMIC zone.
12:32 of 3rd period - Shot by Jonathan Gruden.
12:32 of 3rd period - Shot Misses the Net.
12:50 of 3rd period - Shot by Emil Bemstrom.
12:50 of 3rd period - Stopped by Aaron Dell with a rebound.
12:52 of 3rd period - Shot by Ethan Cardwell.
12:52 of 3rd period - Shot Misses the Net.
13:14 of 3rd period - Shot by Filip Engaras.
13:14 of 3rd period - Deflect By Kyle Criscuolo.
13:14 of 3rd period - Stopped by Aaron Dell without a rebound.
13:15 of 3rd period - James Hamblin wins face-off versus Matthew Poitras in PHILADELPHIA RAIDERS zone.
13:34 of 3rd period - Shot by Brian Halonen.
13:34 of 3rd period - Stopped by Aaron Dell without a rebound.
13:35 of 3rd period - Kyle Criscuolo wins face-off versus Matthew Poitras in PHILADELPHIA RAIDERS zone.
13:46 of 3rd period - Shot by Otto Stenberg.
13:46 of 3rd period - Stopped by Aaron Dell without a rebound.
13:47 of 3rd period - James Hamblin wins face-off versus Matthew Poitras in PHILADELPHIA RAIDERS zone.
13:50 of 3rd period - Shot by James Hamblin.
13:50 of 3rd period - Shot Misses the Net.
14:14 of 3rd period - Jaycob Megna is hit by Oliver Okuliar.
14:37 of 3rd period - Kyle Criscuolo is hit by Zack Ostapchuk and loses puck.
14:41 of 3rd period - Vladislav Kolyachonok is hit by Zack Ostapchuk and loses puck.
14:55 of 3rd period - Kyle Criscuolo is hit by Donovan Sebrango and loses puck.
15:28 of 3rd period - Shot by Wyatt Bongiovanni.
15:28 of 3rd period - Stopped by Aaron Dell with a rebound.
15:30 of 3rd period - Shot by Wyatt Bongiovanni.
15:30 of 3rd period - Stopped by Aaron Dell with a rebound.
15:58 of 3rd period - Shot by Cameron Lund.
15:58 of 3rd period - Shot Misses the Net.
16:35 of 3rd period - Shot by Curtis Lazar.
16:35 of 3rd period - Stopped by Nikita Tolopilo without a rebound.
16:36 of 3rd period - Tyce Thompson wins face-off versus Kyle Criscuolo in THEDFORD MINES ISOTHERMIC zone.
16:50 of 3rd period - Shot by Lukas Rousek.
16:50 of 3rd period - Shot Misses the Net.
16:52 of 3rd period - Shot by Shai Buium.
16:52 of 3rd period - Shot Misses the Net.
16:55 of 3rd period - Curtis Lazar is hit by Gavin White and loses puck.
17:24 of 3rd period - Off-side.
17:25 of 3rd period - Wyatt Bongiovanni wins face-off versus Riley Kidney in neutral zone.
17:28 of 3rd period - Matthew Poitras is hit by Emil Bemstrom and loses puck.
17:39 of 3rd period - Icing by Ethan Cardwell.
17:40 of 3rd period - Wyatt Bongiovanni wins face-off versus Zack Ostapchuk in THEDFORD MINES ISOTHERMIC zone.
17:54 of 3rd period - Off-side.
17:55 of 3rd period - Matthew Poitras wins face-off versus James Hamblin in neutral zone.
18:50 of 3rd period - Jonathan Gruden is hit by Otto Stenberg and loses puck.
18:57 of 3rd period - Shot by Kyle Criscuolo.
18:57 of 3rd period - Deflect By Otto Stenberg.
18:57 of 3rd period - Shot Misses the Net.
18:58 of 3rd period - Minor Penalty to Brandon Scanlin for Slashing.
18:59 of 3rd period - Curtis Lazar wins face-off versus Kyle Criscuolo in PHILADELPHIA RAIDERS zone.
19:14 of 3rd period - Icing by Vladislav Kolyachonok.
19:15 of 3rd period - Curtis Lazar wins face-off versus Kyle Criscuolo in THEDFORD MINES ISOTHERMIC zone.
19:48 of 3rd period - Off-side.
19:49 of 3rd period - Lukas Rousek wins face-off versus James Hamblin in neutral zone.
Goals for this period are 2 for THEDFORD MINES ISOTHERMIC vs 0 for PHILADELPHIA RAIDERS.
Shots for this period are 20 for THEDFORD MINES ISOTHERMIC vs 5 for PHILADELPHIA RAIDERS.
Back to the Top